 Dungeon Crawl Stone Soup version 0.27.1-37-g7b29ead8ac (webtiles) character file.

Game seed: 5371269042725199578

43 AarnesTheHuman the Changer (level 3, 0/26 HPs)
             Began as a Merfolk Transmuter on Aug 28, 2023.
             Succumbed to an adder's poison
             ... on level 1 of the Dungeon.
             The game lasted 00:01:57 (1412 turns).

AarnesTheHuman the Changer (Merfolk Transmuter)     Turns: 1412, Time: 00:01:58

Health: 0/26       AC:  2    Str: 10    XL:     3   Next: 58%
Magic:  4/6        EV: 12    Int: 13    God:
Gold:   48         SH:  0    Dex: 14    Spells: 3/6 levels left

rFire    . . .     SeeInvis .     - Unarmed
rCold    . . .     Faith    .   (no shield)
rNeg     . . .     Spirit   .   a - +0 robe
rPois    .         Reflect  .   (helmet currently unavailable)
rElec    .         Harm     .   (no cloak)
rCorr    .         Rampage  .   (no gloves)
Will     .....                  (boots currently unavailable)
Stlth    +.........             (no amulet)
HPRegen  0.08/turn              (no ring)
MPRegen  0.10/turn              (no ring)

@: lethally poisoned (0 -> -6), appendages, wereblooded, hasted, invisible, very
quick
A: horns 2, (nimble swimmer 2), mertail
a: End Transformation


You were on level 1 of the Dungeon.
You had temporarily grown beastly horns.
You visited 1 branch of the dungeon, and saw 2 of its levels.

You collected 48 gold pieces.

Inventory:

Missiles
 d - 6 silver javelins
Armour
 a - a +0 robe (worn)
Scrolls
 b - 2 scrolls of immolation
 f - a scroll of enchant armour {unknown}


   Skills:
 - Level 1.1 Fighting
 - Level 2.6 Dodging
 + Level 4.1 Unarmed Combat
 - Level 2.0 Spellcasting
 + Level 4.2 Transmutations


You had 3 spell levels left.
You knew the following spells:

 Your Spells              Type           Power      Damage    Failure   Level
a - Beastly Appendage     Tmut           24%        N/A       4%          1
b - Wereblood             Tmut           12%        N/A       7%          2

Your spell library contained the following spells:

 Spells                   Type           Power      Damage    Failure   Level
 Passwall                 Tmut/Erth      5%         N/A       16%         2
 Sandblast                Erth           2%         2d4       26%         1
 Spider Form              Tmut/Pois      3%         N/A       32%         3
 Ice Form                 Ice/Tmut       6%         N/A       71%         4
 Lee's Rapid Deconstruct  Erth           0%         3d5*      100%        5


Dungeon Overview and Level Annotations

Branches:
Dungeon (2/15)

Altars:

Annotations:
D:1 exclusion: downstairs


Innate Abilities, Weirdness & Mutations

You have temporarily grown beastly horns.
((You are quick and stealthy near water. (Stealth+, EV+, Speed+++)))
Your lower body shifts to a powerful aquatic tail in water.


Message History

An adder comes into view.
You miss the bat. The bat hits you but does no damage.
The bat closely misses you. The bat closely misses you.
The bat hits you but does no damage.
There is a stone staircase leading up here.
The ball python bites you. The ball python grabs you.
You stop ascending the stairs.
The ball python constricts you. The ball python barely misses you.
The ball python constricts you.
You escape the ball python's grasp.
The adder barely misses you. The bat barely misses you.
The adder barely misses you.
You climb upwards.
Level annotation: exclusion: downstairs
There is a stone staircase leading down here.
The ball python closely misses you. The ball python barely misses you.
The adder barely misses you.
You hit the adder but do no damage. The adder bites you.
You are poisoned.
The adder poisons you!
You closely miss the adder. You headbutt the adder.
The adder is lightly wounded.
You feel sick. The adder closely misses you.
You hit the adder. Your punch misses the adder.
The adder is heavily wounded.
You feel sick. The adder closely misses you.
You hit the adder. Your headbutt misses the adder.
The adder is severely wounded.
You feel sick. The adder bites you.
You are more poisoned.
The adder poisons you! The adder bites you.
You miss the adder.
The adder is severely wounded.
You feel sick. The adder bites you.
* * * LOW HITPOINT WARNING * * *
It was a potion of haste.
You feel yourself speed up.
* * * LOW HITPOINT WARNING * * *
You feel sick. The adder bites you.
* * * LOW HITPOINT WARNING * * *
It was a potion of invisibility.
You fade into invisibility!
You die...

#.#........#.....[####.#
#.###.#.##.#.#......##.###
#.# #.#.##.#....#.#.##....
#.# #.#.##.#.#..#.#.#####.
#.# #.#.##.#.#(.#.#.# #.
#.# #.#.##.#....#.#.#####.
#.###.#...................
#.....#.##......#.########
#######SS@..........).....
#.#########.######.# #.#
#.# #># #.# #.# #.# #.#
#.# #.# #.# #.# #.# #.#
#[## #.# #.# #..# #.#
#)#########..### #.#


You could see an adder and a ball python.

Vanquished Creatures
  2 dart slugs (D:1)
  3 ball pythons (D:1)
  2 endoplasms (D:1)
  2 giant cockroaches (D:1)
  3 hobgoblins (D:1)
  5 jackals (D:1)
  4 kobolds (D:1)
  A quokka (D:1)
  3 bats (D:1)
  2 frilled lizards (D:1)
  5 goblins (D:1)
  4 rats (D:1)
36 creatures vanquished.

Notes
Turn   | Place    | Note
-------+----------+-------------------------------------------
     0 | D:1      | AarnesTheHuman the Merfolk Transmuter began the quest for
                  | the Orb.
     0 | D:1      | Reached XP level 1. HP: 15/15 MP: 3/3
   296 | D:1      | Reached XP level 2. HP: 16/21 MP: 3/5
   719 | D:1      | Found a faded altar of an unknown god.
   735 | D:1      | Reached XP level 3. HP: 26/26 MP: 6/6
   750 | D:1      | Learned a level 2 spell: Wereblood
  1411 | D:1      | HP: 1/26 [adder (2)]
  1412 | D:1      | Succumbed to an adder's poison

Illustrated notes

Levels and vault maps discovered:
D:1:      erik_arrival_triangle_small, layout_basic,
          hellmonk_ecumenical_altar_blasted
D:2:      layout_loops_cross, uniq_jessica

Skill      XL: |  1  2  3 |
---------------+----------+-----
Transmutations | 3 4 |  4.2
Unarmed Combat | 4 |  4.1
Fighting       | |  1.1
Dodging        | |  2.6
Spellcasting   | |  2.0

Action                   || total
-------------------------++-------
Melee: Unarmed           ||   111
       Headbutt          ||    11
       Punch             ||     1
 Cast: Beastly Appendage ||    19
       Wereblood         ||     4
  Use: Potion            ||     2
 Stab: Sleeping          ||     1
Armor: Robe              ||    13
Dodge: Dodged            ||    71
